 Dungeon Crawl Stone Soup version 0.28.0-45-g0d030f2227 (webtiles) character file.

Game seed: 16469238846837105661

1287 Ablot the Grasshopper (level 8, -13/64 HPs)
             Began as a Gnoll Warper on Apr 7, 2022.
             Mangled by a shadow (25 damage)
             ... on level 5 of the Dungeon.
             The game lasted 00:10:18 (7634 turns).

Ablot the Grasshopper (Gnoll Warper)                Turns: 7634, Time: 00:10:18

Health: -13/64     AC:  5    Str: 13    XL:     8   Next: 55%
Magic:  17/17      EV: 28    Int: 18    God:
Gold:   233        SH:  0    Dex: 12    Spells: 16/19 levels left

rFire   . . .      SeeInvis .   a - +0 trident
rCold   + . .      Faith    .   (no shield)
rNeg    . . .      Spirit   .   b - +1 leather armour {rC+}
rPois   .          Reflect  .   (no helmet)
rElec   .          Harm     .   (no cloak)
rCorr   .          Rampage  .   (no gloves)
Will    .....                   F - +0 pair of boots
Stlth   ++........              h - amulet of the acrobat
HPRegen 0.20/turn               k - +6 ring of intelligence
MPRegen 0.15/turn               (no ring)

@: acrobatic
A: fangs 1, strong nose, distributed training
a: no special abilities


You were on level 5 of the Dungeon.
You visited 1 branch of the dungeon, and saw 5 of its levels.

You collected 233 gold pieces.

Inventory:

Hand Weapons
 a - a +0 trident (weapon)
 u - the +2 hand axe of Proximity {flame, Str+3}
   (You found it on level 3 of the Dungeon)

   It burns those it strikes, dealing additional fire damage.
   Big, fiery blades are also staple armaments of hydra-hunters.
   Str:       It affects your strength (+3).
Missiles
 d - 4 boomerangs of dispersal
 e - 37 sling bullets
 g - 40 bolts
 l - 128 stones
 m - 15 arrows
 w - 4 javelins
 x - 3 boomerangs (quivered)
Armour
 b - a +1 leather armour of cold resistance (worn)
 F - a +0 pair of boots (worn)
Jewellery
 h - an amulet of the acrobat (around neck)
 k - a +6 ring of intelligence (left hand)
Wands
 y - a wand of charming (14)
 B - a wand of iceblast (9)
 C - a wand of flame (8)
Scrolls
 c - a scroll of blinking
 f - 3 scrolls of immolation {unknown}
 i - 3 scrolls of teleportation {unknown}
 q - 6 scrolls of identify {unknown}
 r - 2 scrolls of summoning {unknown}
 v - a scroll of enchant weapon {unknown}
 D - 3 scrolls of noise {unknown}
 E - a scroll of amnesia {unknown}
Potions
 n - a potion of berserk rage {unknown}
 o - 4 potions of heal wounds {unknown}
 p - 2 potions of haste
 s - a potion of curing
 t - a potion of mutation {unknown}
 z - a potion of lignification {unknown}
 A - a potion of brilliance {unknown}


   Skills:
 + Level 5.7 Fighting
 + Level 3.3 Short Blades
 + Level 3.3 Long Blades
 + Level 3.3 Axes
 + Level 3.3 Maces & Flails
 + Level 5.7 Polearms
 + Level 3.3 Staves
 + Level 3.3 Slings
 + Level 3.3 Bows
 + Level 3.3 Crossbows
 + Level 4.3 Throwing
 + Level 4.3 Armour
 + Level 5.7 Dodging
 + Level 3.3 Stealth
 + Level 3.3 Shields
 + Level 3.3 Unarmed Combat
 + Level 6.1 Spellcasting
 + Level 2.7 Conjurations
 + Level 2.7 Hexes
 + Level 2.7 Summonings
 + Level 2.7 Necromancy
 + Level 6.1 Translocations
 + Level 2.7 Transmutations
 + Level 2.7 Fire Magic
 + Level 2.7 Ice Magic
 + Level 2.7 Air Magic
 + Level 2.7 Earth Magic
 + Level 2.7 Poison Magic
 + Level 3.7 Invocations
 + Level 3.3 Evocations


You had 16 spell levels left.
You knew the following spells:

 Your Spells              Type           Power      Damage    Failure   Level
a - Blink                 Tloc           54%        N/A       1%          2
b - Magic Dart            Conj           60%        1d6       4%          1

Your spell library contained the following spells:

 Spells                   Type           Power      Damage    Failure   Level
 Gell's Gravitas          Tloc           27%        N/A       3%          3
 Lesser Beckoning         Tloc           27%        N/A       3%          3
 Teleport Other           Tloc           27%        N/A       3%          3
 Call Imp                 Summ           15%        N/A       7%          2
 Mephitic Cloud           Conj/Pois/Air  15%        N/A       14%         3
 Manifold Assault         Tloc           27%        N/A       32%         5


Dungeon Overview and Level Annotations

Branches:
Dungeon (5/15)
 Temple: D:4-7

Altars:

Annotations:
D:3 1 runed translucent door, exclusion: door, duchin's ghost, amateur DECj


Innate Abilities, Weirdness & Mutations

You have very sharp teeth.
Your uncanny sense of smell can sniff out nearby items.
Your experience applies equally to all skills.


Message History

Aim: a shadow (62% to hit)
You throw a boomerang. The boomerang barely misses the shadow.
Unknown command.
Throw: 3 boomerangs
Press: ? - help, Q - select action, (/) - cycle Shift-Dir - straight line, f/p - shadow
Aim: a shadow (62% to hit)
You throw a boomerang.
The boomerang closely misses the shadow.
The shadow slips into darkness.
The shadow flickers and vanishes!
Deactivating autopickup; reactivate with Ctrl-A.
Things that are here:
a +0 giant club; an ogre skeleton
There is an open door here.
You close the door.
Something unseen breaks down the door.
The shadow strikes at you from the darkness!
Reactivating autopickup.
You hit the shadow but do no damage. The shadow hits you.
You hit the shadow.
The shadow is lightly damaged.
The shadow slips into darkness.
The shadow flickers and vanishes!
Deactivating autopickup; reactivate with Ctrl-A.
You hit something but do no damage.
The shadow strikes at you from the darkness!
Ouch! That really hurt!
* * * LOW HITPOINT WARNING * * *
Reactivating autopickup.
It was a potion of haste.
You feel yourself speed up.
The shadow slips into darkness.
The shadow flickers and vanishes!
Deactivating autopickup; reactivate with Ctrl-A.
Unknown command.
The shadow slips into darkness.
The shadow flickers and vanishes!
Your extra speed is starting to run out.
You feel yourself slow down.
The shadow strikes at you from the darkness!
You die...

####### ##≈....# ##############
##.≈....# ##............#
#...≈≈..#####..##########.##
###....≈.........## ##...##
#......≈.#.##.....# ##.....##
#......≈...###...## ##.......#
##.......#### ##@## #.........
........## #.# #.........
.###....# #.# #......... . ##.#.#
##+## #..<.....# ##.#.# ##...##
#.#.....## #..#.# ##.....##
#.##...## #.#..# ##.......##
#.#.####
#....####.........###....#####
.###.......+.).......'...........


There were no monsters in sight!

Vanquished Creatures
  Sigmund (D:2)
  5 ogres (D:5)
  A phantom (D:5)
  3 scorpions (D:5)
  A jelly (D:4)
  A bullfrog skeleton (D:4)
  2 hounds
  Jessica (D:2)
  Terence (D:2)
  Natasha (thrice) (D:4)
  A killer bee zombie (D:4)
  A hound skeleton (D:5)
  A howler monkey zombie (D:5)
  4 adders
  3 gnolls (D:4)
  A white imp (D:5)
  2 ufetubi
  2 worms (D:5)
  4 dart slugs
  7 orcs
  5 endoplasms
  5 giant cockroaches
  3 goblins
  10 hobgoblins
  5 jackals
  2 quokkas
  6 ball pythons
  11 bats
  7 frilled lizards
  A kobold (D:2)
  3 rats
103 creatures vanquished.

Vanquished Creatures (others)
  A plant (D:1)
1 creature vanquished.

Grand Total: 104 creatures vanquished

Notes
Turn   | Place    | Note
-------+----------+-------------------------------------------
     0 | D:1      | Ablot the Gnoll Warper began the quest for the Orb.
     0 | D:1      | Reached XP level 1. HP: 20/20 MP: 6/6
   282 | D:1      | Reached XP level 2. HP: 26/26 MP: 7/7
   288 | D:1      | Learned a level 2 spell: Blink
   871 | D:1      | Reached XP level 3. HP: 30/31 MP: 9/9
   915 | D:1      | Reached skill level 5 in Spellcasting
  1376 | D:2      | Found a faded altar of an unknown god.
  1395 | D:2      | Noticed Terence
  1410 | D:2      | Killed Terence
  1411 | D:2      | Reached skill level 1 in Short Blades
  1411 | D:2      | Reached skill level 1 in Long Blades
  1411 | D:2      | Reached skill level 1 in Axes
  1411 | D:2      | Reached skill level 1 in Maces & Flails
  1411 | D:2      | Reached skill level 1 in Staves
  1411 | D:2      | Reached skill level 1 in Slings
  1411 | D:2      | Reached skill level 1 in Bows
  1411 | D:2      | Reached skill level 1 in Crossbows
  1411 | D:2      | Reached skill level 1 in Stealth
  1411 | D:2      | Reached skill level 1 in Shields
  1411 | D:2      | Reached skill level 1 in Unarmed Combat
  1411 | D:2      | Reached skill level 1 in Invocations
  1411 | D:2      | Reached skill level 1 in Evocations
  1411 | D:2      | Reached XP level 4. HP: 20/38 MP: 11/11
  1788 | D:2      | Noticed Sigmund
  2188 | D:2      | Killed Sigmund
  2189 | D:2      | Reached skill level 1 in Conjurations
  2189 | D:2      | Reached skill level 1 in Hexes
  2189 | D:2      | Reached skill level 1 in Summonings
  2189 | D:2      | Reached skill level 1 in Necromancy
  2189 | D:2      | Reached skill level 1 in Transmutations
  2189 | D:2      | Reached skill level 1 in Fire Magic
  2189 | D:2      | Reached skill level 1 in Ice Magic
  2189 | D:2      | Reached skill level 1 in Air Magic
  2189 | D:2      | Reached skill level 1 in Earth Magic
  2189 | D:2      | Reached skill level 1 in Poison Magic
  2189 | D:2      | Reached XP level 5. HP: 10/43 MP: 12/12
  2189 | D:2      | Reached XP level 6. HP: 12/50 MP: 13/13
  2492 | D:2      | Noticed Jessica
  2510 | D:2      | Killed Jessica
  2756 | D:2      | Learned a level 1 spell: Magic Dart
  3126 | D:3      | Identified the +2 hand axe of Proximity {flame, Str+3}
  3263 | D:3      | Found a runed translucent door.
  3273 | D:3      | Reached skill level 5 in Fighting
  3273 | D:3      | Reached skill level 5 in Polearms
  3273 | D:3      | Reached skill level 5 in Dodging
  3576 | D:3      | Noticed duchin's ghost (amateur DECj)
  4270 | D:4      | Noticed Natasha
  4406 | D:4      | Killed Natasha
  4451 | D:4      | Noticed Natasha
  4462 | D:4      | Killed Natasha
  4555 | D:4      | Reached XP level 7. HP: 48/56 MP: 15/15
  4607 | D:4      | Noticed Natasha
  4629 | D:4      | Killed Natasha
  5370 | D:5      | Entered Level 5 of the Dungeon
  6056 | D:5      | Noticed a shadow
  6312 | D:5      | Reached XP level 8. HP: 54/63 MP: 16/16
  7634 | D:5      | Mangled by a shadow

Illustrated notes

Levels and vault maps discovered:
D:1:      scummos_arrival_simple_fountains, layout_loops_corners,
          dk_noncrumbling_4, serial_bayou_lagoon_a
D:2:      layout_rooms, chequers_ecumenical_altar_island,
          minmay_randomly_rotated_circles, uniq_terence, uniq_sigmund,
          uniq_jessica
D:3:      layout_basic, ebering_ghost_sewer_d, solitary_fountain
D:4:      layout_rooms, minmay_stone_trees_medium, kennysheep_cross_room,
          kennysheep_potato, uniq_natasha
D:5:      layout_loops_corners, serial_rivers, chequers_serial_rivers_small_3,
          chequers_serial_rivers_micro_c, chequers_serial_rivers_room_a,
          chequers_serial_rivers_small_b, chequers_serial_rivers_micro_b,
          minmay_divided_ellipse

Skill      XL: |  1  2  3  4  5  6  7  8 |
---------------+-------------------------+-----
Spellcasting   | 5 6 |  6.1
Short Blades   | 1 2 3 |  3.3
Long Blades    | 1 2 3 |  3.3
Axes           | 1 2 3 |  3.3
Maces & Flails | 1 2 3 |  3.3
Staves         | 1 2 3 |  3.3
Slings         | 1 2 3 |  3.3
Bows           | 1 2 3 |  3.3
Crossbows      | 1 2 3 |  3.3
Stealth        | 1 2 3 |  3.3
Shields        | 1 2 3 |  3.3
Unarmed Combat | 1 2 3 |  3.3
Invocations    | 1 2 3 |  3.7
Evocations     | 1 2 3 |  3.3
Throwing       | 3 4 |  4.3
Armour         | 3 4 |  4.3
Conjurations   | 1 2 |  2.7
Hexes          | 1 2 |  2.7
Summonings     | 1 2 |  2.7
Necromancy     | 1 2 |  2.7
Transmutations | 1 2 |  2.7
Fire Magic     | 1 2 |  2.7
Ice Magic      | 1 2 |  2.7
Air Magic      | 1 2 |  2.7
Earth Magic    | 1 2 |  2.7
Poison Magic   | 1 2 |  2.7
Fighting       | 5 |  5.7
Polearms       | 5 |  5.7
Dodging        | 5 |  5.7
Translocations | 6 |  6.1

Action                   |  1- 3 |  4- 6 |  7- 9 || total
-------------------------+-------+-------+-------++-------
Melee: Spear             |   104 |   211 |   139 ||   454
       Bite              |     7 |    22 |    24 ||    53
       Punch             |     3 |     4 |     6 ||    13
       Trident           |       |       |    58 ||    58
Throw: Dart              |     6 |    10 |    19 ||    35
       Boomerang         |       |     6 |     8 ||    14
       Javelin           |       |     4 |       ||     4
 Cast: Blink             |       |     1 |       ||     1
       Magic Dart        |       |     3 |       ||     3
  Use: Potion            |       |       |     1 ||     1
 Stab: Sleeping          |     4 |     2 |     2 ||     8
Armor: Leather armour    |    16 |    11 |    38 ||    65
       Robe              |       |    13 |       ||    13
Dodge: Dodged            |    55 |   137 |   103 ||   295
